[Event "Lviv Tradition June 2018"]
[Site "Lviv"]
[Date "2018.06.16"]
[Round "9.5"]
[White "Can, Isik"]
[Black "Anwesh, Upadhyaya"]
[Result "1/2-1/2"]
[ECO "C42"]
[WhiteElo "2396"]
[BlackElo "2375"]
[Annotator "NA"]
[PlyCount "61"]
[EventDate "2018.??.??"]
[EventType "schev"]
[EventCountry "UKR"]
[SourceTitle "playchess.com"]
[Source "ChessBase"]
[SourceQuality "1"]
[TimeControl "5400+30"]

1. e4 e5 2. Nf3 Nf6 3. Nxe5 d6 4. Nf3 Nxe4 5. d4 d5 6. Bd3 Be7 7. O-O Nc6 8. Nc3 Nxc3 9. bxc3 O-O 10. Re1 Be6 11. Bf4 Qd7 12. Rb1 Rab8 13. Ne5 Nxe5 14. Bxe5 Bg4 15. Qd2 f6 16. Bf4 Bd6 17. c4 dxc4 18. Bxc4+ Kh8 19. Bxd6 Qxd6 20. c3 b6 21. Re3 Rbe8 22. Rbe1 Bd7 23. Rxe8 Rxe8 24. Rxe8+ Bxe8 25. Qe3 Bd7 26. Qe4 Bc6 27. Qe3 Bd7 28. Qe4 Bc6 29. Qe3 Bd7 30. Qe4 Bc6 31. Qe3 $11 1/2-1/2

[Event "Lviv Tradition June 2018"]
[Site "Lviv"]
[Date "2018.06.17"]
[Round "10"]
[White "Frolov, Artur"]
[Black "Dedebas, Emre Emin"]
[Result "0-1"]
[ECO "C87"]
[WhiteElo "2406"]
[BlackElo "2336"]
[Annotator "NA"]
[PlyCount "120"]
[EventDate "2018.??.??"]
[EventType "schev"]
[EventCountry "UKR"]
[SourceTitle "playchess.com"]
[Source "ChessBase"]
[SourceQuality "1"]
[TimeControl "5400+30"]

1. e4 e5 2. Nf3 Nc6 3. Bb5 a6 4. Ba4 Nf6 5. O-O Be7 6. Re1 d6 7. c3 Bg4 8. d3 Nd7 9. Nbd2 {[%emt 0:02:32] C87: Closed Ruy Lopez: Steinitz-type lines after 6 Re1 d6} Nc5 10. Bc2 Ne6 11. h3 Bh5 12. Nf1 Ng5 13. Bxg5 Bxg5 {[%emt 0:00:09] LiveBook: 42 Games} 14. Ng3 Bxf3 15. Qxf3 g6 (15... O-O 16. Rad1 Qf6 17. Qxf6 Bxf6 {0-1 (57) Najer,E (2699)-Mamedyarov,S (2791) Antalya 2017}) 16. Nf1 Qf6 17. Qxf6 Bxf6 18. Ne3 $146 Ne7 19. b4 O-O 20. a4 Rfb8 21. a5 Rd8 22. Bb3 Rac8 23. Rab1 h5 24. Kf1 Kg7 25. Ke2 Bg5 26. g3 h4 27. Rf1 hxg3 28. fxg3 Rf8 29. Rf3 f5 (29... Bxe3 $5 30. Kxe3 f5 $14) 30. Be6 Rce8 {[%emt 0:00:12] [#]} 31. Rbf1 $1 f4 32. h4 Bf6 (32... Bh6 {might work better.}) 33. Ng4 g5 34. Nxf6 Kxf6 35. hxg5+ Kxe6 36. gxf4 Rxf4 37. Rxf4 exf4 38. Rxf4 Rg8 39. Rg4 Ng6 40. Ke3 Rh8 41. Rg3 Rh1 42. d4 Re1+ 43. Kf3 d5 44. exd5+ Kf5 45. Kf2 Re4 46. Kf3 Ne7 47. g6 $19 Nxd5 48. Kf2 Re8 49. g7 Rg8 50. Ke2 Kf6 51. Rf3+ Kxg7 52. Kd3 Rf8 53. Rg3+ Kf7 54. Kc4 Ke6 55. Kc5 Rf5 56. c4 Nf6+ 57. d5+ Ke5 58. Re3+ Ne4+ 59. Rxe4+ Kxe4 60. b5 axb5 {[%emt 0:00:20] Kd4+ Ke5+} 0-1

[Event "Lviv Tradition June 2018"]
[Site "Lviv"]
[Date "2018.06.17"]
[Round "10"]
[White "Anwesh, Upadhyaya"]
[Black "Akdogan, Alperen"]
[Result "1/2-1/2"]
[ECO "A14"]
[WhiteElo "2375"]
[BlackElo "2260"]
[Annotator "NA"]
[PlyCount "60"]
[EventDate "2018.??.??"]
[EventType "schev"]
[EventCountry "UKR"]
[SourceTitle "playchess.com"]
[Source "ChessBase"]
[SourceQuality "1"]
[TimeControl "5400+30"]

1. c4 Nf6 2. g3 e6 3. Bg2 d5 4. Nf3 Be7 5. O-O O-O 6. d4 c6 7. Nc3 Nbd7 8. Nd2 b6 9. e4 dxe4 {[%emt 0:01:23] LiveBook: 11 Games} 10. Ndxe4 Bb7 11. Qe2 {[%emt 0:01:58] E07: Katalanisch} (11. Bf4 Nxe4 12. Nxe4 Nf6 13. Nxf6+ Bxf6 14. Be5 {½-½ (14) Khalifman,A (2632)-Fedoseev,V (2525) Tallinn 2012}) 11... Nxe4 12. Nxe4 c5 $146 ({Vorgänger:} 12... Nf6 13. Rd1 Re8 14. Be3 Rc8 15. Rac1 Rc7 16. Nxf6+ Bxf6 17. Bf4 Rd7 18. Be5 Qe7 {1-0 (31) Bednar,M (2255)-Gerbery,R (2213) Slovakia 2009}) 13. dxc5 Nxc5 14. Nxc5 Bxg2 15. Kxg2 Bxc5 16. Rd1 Qe7 17. Bf4 Rfd8 18. Be5 Qb7+ 19. Qf3 Qxf3+ 20. Kxf3 Rac8 21. Ke2 f6 22. Bc3 Kf7 23. f3 e5 24. Rxd8 Rxd8 25. Rd1 $11 Rxd1 26. Kxd1 Ke6 27. g4 g6 28. Ke2 h5 29. h3 hxg4 30. hxg4 f5 1/2-1/2

[Event "Lviv Tradition June 2018"]
[Site "Lviv"]
[Date "2018.06.17"]
[Round "10"]
[White "Sabuk, Piotr"]
[Black "Tanriverdi, Enes"]
[Result "1-0"]
[ECO "E73"]
[WhiteElo "2369"]
[BlackElo "2281"]
[Annotator "NA"]
[PlyCount "89"]
[EventDate "2018.??.??"]
[EventType "schev"]
[EventCountry "UKR"]
[SourceTitle "playchess.com"]
[Source "ChessBase"]
[SourceQuality "1"]
[TimeControl "5400+30"]

1. d4 Nf6 2. c4 g6 3. Nc3 Bg7 4. e4 d6 5. Be2 O-O 6. Be3 c5 7. dxc5 {[%emt 0:00:36] E73: King's Indian: Averbakh Variation without 6...c5} Qa5 8. f3 (8. Bd2 Qxc5 9. Nf3 Bg4 10. Be3 Qa5 11. O-O Nc6 12. a3 Rfc8 13. b4 Qd8 14. Qb3 Nd7 15. Rfd1 Nce5 16. Nxe5 Bxe2 17. Nxe2 Bxe5 18. Rac1 Qc7 19. Nf4 Bxf4 20. Bxf4 {1-0 (44) Can,E (2590)-Amin,B (2700) Dubai 2018}) 8... dxc5 9. e5 Nfd7 {[%emt 0:00:56] LiveBook: 5 Games} 10. f4 Na6 $146 ({Predecessor:} 10... Nc6 $11 11. Nf3 f6 12. O-O fxe5 13. fxe5 Ndxe5 14. Qd5+ e6 15. Qxc5 {½-½ (37) Buhmann,R (2564)-Andersen,M (2589) Germany 2018}) 11. Nh3 (11. Nf3 $16) 11... Qd8 12. Ng5 Nb6 13. Nge4 Be6 14. Qb3 ({Reject} 14. Nxc5 $6 Nxc5 15. Qxd8 Rfxd8 $11) 14... Qc7 (14... f6 $142) 15. O-O Rad8 16. Rad1 Rxd1 17. Rxd1 Rd8 $16 18. Nd5 Bxd5 19. cxd5 Nb4 20. d6 exd6 21. a3 N4d5 22. exd6 Qc8 23. Bxc5 Nxf4 24. Bf3 Ne6 25. Be3 Nd7 26. Bg4 Re8 27. Rc1 Qd8 28. Bxe6 Rxe6 29. Qxb7 Nf8 30. Rc8 Qh4 31. g3 Qg4 32. d7 Rxe4 33. d8=Q Rxe3 34. Qb4 Rxg3+ 35. hxg3 Qxg3+ 36. Kf1 Qf3+ 37. Ke1 Qe3+ 38. Kd1 Qf3+ 39. Kc2 Qf5+ 40. Kb3 Qe6+ 41. Qc4 Qe5 42. Qd2 h5 43. Qf2 Bf6 44. Rxf8+ Kxf8 45. Qcc5+ 1-0

[Event "Lviv Tradition June 2018"]
[Site "Lviv"]
[Date "2018.06.17"]
[Round "10"]
[White "Shkuran, Danylo"]
[Black "Ozenir, Ekin Baris"]
[Result "1-0"]
[ECO "B00"]
[WhiteElo "2368"]
[BlackElo "2320"]
[Annotator "NA"]
[PlyCount "47"]
[EventDate "2018.??.??"]
[EventType "schev"]
[EventCountry "UKR"]
[SourceTitle "playchess.com"]
[Source "ChessBase"]
[SourceQuality "1"]
[TimeControl "5400+30"]

1. e4 Nc6 2. Nf3 d6 3. d4 Nf6 4. Nc3 g6 5. Bf4 Bg7 6. d5 {[%emt 0:04:03] LiveBook: 6 Games B08: Pirc-Ufimzew-Verteidigung} (6. Qd2 Bg4 7. Be2 O-O 8. d5 Bxf3 9. Bxf3 Ne5 10. Bxe5 dxe5 11. Qd3 Re8 12. Rd1 Qd6 13. O-O a6 14. a3 e6 15. Qc4 exd5 16. Nxd5 Nxd5 17. Rxd5 {1-0 (51) Vitiugov,N (2726)-Saric,I (2652) Tallinn 2016}) 6... Nb8 7. Qd2 Nbd7 8. Bh6 Bxh6 $146 ({Vorgänger:} 8... O-O 9. h4 e5 10. dxe6 fxe6 11. Bxg7 Kxg7 12. O-O-O e5 13. Ne1 {½-½ (24) Doberitz,P (2220)-Diebl,L (2221) Germany 2009}) 9. Qxh6 c6 10. O-O-O Qb6 11. Nd4 c5 12. Nf3 a6 13. Ng5 Qa5 14. f4 b5 15. e5 dxe5 16. d6 exd6 17. Rxd6 b4 $2 (17... Bb7) 18. Qg7 Rf8 19. Bc4 ({Stronger than} 19. Nxf7 Rxf7 20. Re6+ Kd8 $11) 19... bxc3 20. Bxf7+ Ke7 21. Rxf6 cxb2+ 22. Kb1 Nxf6 23. Rd1 Bd7 24. Be6+ 1-0